PINL
FARGO BREWMASTERS @ BILLINGS MUSTANGS
07/13/1982
 
TOP OF THE 1ST
Idaho Falls Spuds batting - Pitching for Billings Mustangs : RHP Scott Stranski
Pitching: RHP Scott Stranski
Batting: SHB Mark Wiesler 0-0: Ball
1-0: Ground out 6-3 (Groundball, 6, EV 107.5 MPH)
Batting: RHB Carlos Rios 0-0: Ball
1-0: Ball
2-0: Ball
3-0: Called Strike
3-1: Base on Balls
Batting: SHB Danny Montero 0-0: Called Strike
0-1: Reached on error, E3 (Groundball, 34, EV 83.8 MPH)
Carlos Rios to third
Batting: RHB Rick Austin 0-0: Ball
1-0: Ball
2-0: Called Strike
2-1: Foul Ball, location: 2F
2-2: Fly out, F8 (Flyball, 89M, EV 96.3 MPH)
Runner from 3rd tags up, SCORES, throw by CF
Danny Montero to third
Batting: LHB Joseph Nemeth 0-0: Called Strike
0-1: Foul Ball, location: 2F
0-2: Ball
1-2: Strikes out swinging
Top of the 1st over - 1 run, 0 hits, 1 error, 1 left on base; Idaho Falls 1 - Billings 0
BOTTOM OF THE 1ST
Billings Mustangs batting - Pitching for Idaho Falls Spuds : LHP Chuck Hensley
Pitching: LHP Chuck Hensley
Batting: RHB Edward Irvine 0-0: Ball
1-0: DOUBLE (Line Drive, 9LM, EV 105.6 MPH)
Batting: RHB Jay Schellin 0-0: Called Strike
0-1: Ball
1-1: Called Strike
1-2: Ball
2-2: Foul Ball, location: 2F
2-2: Foul Ball, location: 2F
2-2: Foul Ball, location: 2F
2-2: Ground out 5-3 (Groundball, 56, EV 97.5 MPH)
Batting: RHB Michael Williams 0-0: Ball
1-0: Called Strike
1-1: Ball
2-1: Ball
3-1: Base on Balls
Batting: RHB David Cusack 0-0: Called Strike
Edward Irvine steals 3rd base
Michael Williams to second
0-1: Ball
1-1: Ball
2-1: Foul Ball, location: 2F
2-2: Ball
3-2: DOUBLE (Flyball, 78XD, EV 105.0 MPH)
Edward Irvine scores
Michael Williams scores
Batting: RHB Kean Rich 0-0: Foul Ball, location: 2F
0-1: Called Strike
0-2: Foul Ball, location: 2F
0-2: Ground out 6-3 (Groundball, 6, EV 81.3 MPH)
Batting: LHB Randall Curtis 0-0: Ground out 6-3 (Groundball, 6S, EV 91.9 MPH)
Bottom of the 1st over - 2 runs, 2 hits, 0 errors, 1 left on base; Idaho Falls 1 - Billings 2
TOP OF THE 2ND
Idaho Falls Spuds batting - Pitching for Billings Mustangs : RHP Scott Stranski
Batting: RHB Donald Fleming 0-0: Ball
1-0: Ball
2-0: Called Strike
2-1: Foul Ball, location: 2F
2-2: Foul Ball, location: 2F
2-2: Ground out 6-3 (Groundball, 6, EV 90.0 MPH)
Batting: SHB Frank Diaz 0-0: SINGLE (Line Drive, 7S, EV 93.1 MPH)
Batting: RHB Jesse Lucious 0-0: Called Strike
0-1: Ball
1-1: Ball
2-1: Foul Ball, location: 2F
2-2: Foul Ball, location: 2F
2-2: Fielders Choice at 2nd, 6-4 (Groundball, 6, EV 85.6 MPH)
Batting: RHB Jose Gallardo 0-0: Fielders Choice at 2nd, 5-4 (Groundball, 5, EV 82.5 MPH)
Top of the 2nd over - 0 runs, 1 hit, 0 errors, 1 left on base; Idaho Falls 1 - Billings 2
BOTTOM OF THE 2ND
Billings Mustangs batting - Pitching for Idaho Falls Spuds : LHP Chuck Hensley
Batting: RHB Leonidas Nolasco 0-0: Ground out 6-3 (Groundball, 6M, EV 106.3 MPH)
Batting: RHB Barry Sayler 0-0: Ball
1-0: Swinging Strike
1-1: Called Strike
1-2: SINGLE (Line Drive, 5D, EV 96.3 MPH)
Batting: RHB Daniel Keck 0-0: Ball
1-0: Ball
2-0: Called Strike
2-1: Fly out, F8 (Flyball, 8RS, EV 89.4 MPH)
Batting: RHB Edward Irvine 0-0: Fielders Choice at 2nd, 6-4 (Groundball, 6, EV 90.0 MPH)
Bottom of the 2nd over - 0 runs, 1 hit, 0 errors, 1 left on base; Idaho Falls 1 - Billings 2
TOP OF THE 3RD
Idaho Falls Spuds batting - Pitching for Billings Mustangs : RHP Scott Stranski
Batting: SHB Mark Wiesler 0-0: Ball
1-0: Ball
2-0: Ball
3-0: Base on Balls
Batting: RHB Carlos Rios 0-0: Called Strike
0-1: Fly out, F8 (Line Drive, 8LD, EV 93.1 MPH)
Batting: SHB Danny Montero 0-0: Called Strike
0-1: Swinging Strike
0-2: Ball
1-2: Fielders Choice at 2nd, 1-6 (Groundball, 34S, EV 81.9 MPH)
Batting: RHB Rick Austin 0-0: Called Strike
0-1: Ball
1-1: Ball
2-1: Foul Ball, location: 2F
2-2: Ball
3-2: SINGLE (Groundball, 25, EV 64.4 MPH) (infield hit)
Danny Montero to second
Batting: LHB Joseph Nemeth 0-0: Called Strike
0-1: Foul Ball, location: 2F
0-2: Foul Ball, location: 2F
0-2: Ball
1-2: Fielders Choice at 2nd, 5-4 (Groundball, 56, EV 106.9 MPH)
Top of the 3rd over - 0 runs, 1 hit, 0 errors, 2 left on base; Idaho Falls 1 - Billings 2
BOTTOM OF THE 3RD
Billings Mustangs batting - Pitching for Idaho Falls Spuds : LHP Chuck Hensley
Batting: RHB Jay Schellin 0-0: Ball
1-0: Called Strike
1-1: Ball
2-1: Called Strike
2-2: Ball
3-2: Base on Balls
Batting: RHB Michael Williams 0-0: Called Strike
0-1: Ball
1-1: Called Strike
1-2: Fielders Choice at 2nd, 2-4 (Groundball, 15S, EV 71.3 MPH)
Batting: RHB David Cusack 0-0: Swinging Strike
0-1: Swinging Strike
0-2: Ball
1-2: Ball
2-2: Foul Ball, location: 2F
2-2: Foul Ball, location: 2F
2-2: Strikes out swinging
Batting: RHB Kean Rich 0-0: Ball
1-0: Ball
2-0: Ball
3-0: Base on Balls
Michael Williams to second
Batting: LHB Randall Curtis 0-0: Swinging Strike
0-1: Ball
1-1: Ball
2-1: SINGLE (Groundball, 34D, EV 105.0 MPH)
Michael Williams to third
Kean Rich to second
Runner from 3rd tries for Home, SAFE, no throw by RF
Batting: RHB Leonidas Nolasco 0-0: Called Strike
0-1: Fly out, F3 (Popup, 3F, EV 73.8 MPH)
Bottom of the 3rd over - 1 run, 1 hit, 0 errors, 2 left on base; Idaho Falls 1 - Billings 3
TOP OF THE 4TH
Idaho Falls Spuds batting - Pitching for Billings Mustangs : RHP Scott Stranski
Batting: RHB Donald Fleming 0-0: Ball
1-0: Ball
2-0: Foul Ball, location: 2F
2-1: Foul Ball, location: 2F
2-2: Foul Ball, location: 2F
2-2: Foul Ball, location: 2F
2-2: Fly out, F6 (Popup, P, EV 81.9 MPH)
Batting: SHB Frank Diaz 0-0: Called Strike
0-1: Called Strike
0-2: Ground out 6-3 (Groundball, 6, EV 81.9 MPH)
Batting: RHB Jesse Lucious 0-0: Ball
1-0: Foul Ball, location: 2F
1-1: SINGLE (Line Drive, 7S, EV 100.6 MPH)
Batting: RHB Jose Gallardo 0-0: Foul Ball, location: 2F
0-1: Ground out 4-3 (Groundball, 4, EV 100.6 MPH)
Top of the 4th over - 0 runs, 1 hit, 0 errors, 1 left on base; Idaho Falls 1 - Billings 3
BOTTOM OF THE 4TH
Billings Mustangs batting - Pitching for Idaho Falls Spuds : LHP Chuck Hensley
Batting: RHB Barry Sayler 0-0: Fly out, F4 (Popup, 34S, EV 90.0 MPH)
Batting: RHB Daniel Keck 0-0: Swinging Strike
0-1: Ground out 2-3 (Groundball, 2L, EV 70.0 MPH)
Batting: RHB Edward Irvine 0-0: Ball
1-0: Fly out, F8 (Flyball, 8LM, EV 79.4 MPH)
Bottom of the 4th over - 0 runs, 0 hits, 0 errors, 0 left on base; Idaho Falls 1 - Billings 3
TOP OF THE 5TH
Idaho Falls Spuds batting - Pitching for Billings Mustangs : RHP Scott Stranski
Batting: SHB Mark Wiesler 0-0: Called Strike
0-1: Foul Ball, location: 2F
0-2: Ball
1-2: Ball
2-2: Ball
3-2: Ground out 6-3 (Groundball, 6, EV 89.4 MPH)
Batting: RHB Carlos Rios 0-0: Ball
1-0: Ball
2-0: Ball
3-0: Base on Balls
Batting: SHB Danny Montero 0-0: Fielders Choice at 2nd, 5-4 (Groundball, 56, EV 85.6 MPH)
Batting: RHB Rick Austin 0-0: Called Strike
0-1: Ball
1-1: Fly out, F8 (Flyball, 8LD, EV 102.5 MPH)
Top of the 5th over - 0 runs, 0 hits, 0 errors, 1 left on base; Idaho Falls 1 - Billings 3
BOTTOM OF THE 5TH
Billings Mustangs batting - Pitching for Idaho Falls Spuds : LHP Chuck Hensley
Batting: RHB Jay Schellin 0-0: Ball
1-0: Called Strike
1-1: Foul Ball, location: 2F
1-2: SINGLE (Groundball, 4MD, EV 103.1 MPH)
Batting: RHB Michael Williams 0-0: Ball
1-0: Called Strike
1-1: Ball
2-1: Ball
3-1: Base on Balls
Jay Schellin to second
Batting: RHB David Cusack 0-0: Called Strike
0-1: Grounds into double play, 6-4-3 (Groundball, 6, EV 105.6 MPH)
Jay Schellin to third
Batting: RHB Kean Rich 0-0: Ball
1-0: Ball
2-0: Ball
3-0: Base on Balls
Batting: LHB Randall Curtis 0-0: Ball
1-0: Ball
2-0: Called Strike
2-1: Ball
3-1: Swinging Strike
3-2: Base on Balls
Kean Rich to second
Batting: RHB Leonidas Nolasco 0-0: Ball
1-0: Ground out 1-3 (Groundball, 13, EV 83.1 MPH)
Bottom of the 5th over - 0 runs, 1 hit, 0 errors, 3 left on base; Idaho Falls 1 - Billings 3
TOP OF THE 6TH
Idaho Falls Spuds batting - Pitching for Billings Mustangs : RHP Scott Stranski
Batting: LHB Joseph Nemeth 0-0: Swinging Strike
0-1: Ball
1-1: Ground out 5-3 (Groundball, 56S, EV 87.5 MPH)
Batting: RHB Donald Fleming 0-0: Called Strike
0-1: Ball
1-1: Ball
2-1: Foul Ball, location: 2F
2-2: Strikes out swinging
Batting: SHB Frank Diaz 0-0: Ball
1-0: Swinging Strike
1-1: Foul Ball, location: 2F
1-2: Foul Ball, location: 2F
1-2: Fly out, F7 (Flyball, 78S, EV 88.8 MPH)
Top of the 6th over - 0 runs, 0 hits, 0 errors, 0 left on base; Idaho Falls 1 - Billings 3
BOTTOM OF THE 6TH
Billings Mustangs batting - Pitching for Idaho Falls Spuds : LHP Chuck Hensley
Batting: RHB Barry Sayler 0-0: Called Strike
0-1: Ball
1-1: SINGLE (Line Drive, 7S, EV 88.1 MPH)
Batting: RHB Daniel Keck 0-0: Called Strike
0-1: Foul Ball, location: 2F
0-2: Ball
1-2: Fly out, F3 (Popup, 3SF, EV 76.9 MPH)
Batting: RHB Edward Irvine Pickoff Throw to First - Error! E1
Barry Sayler to second
0-0: Ball
1-0: Swinging Strike
1-1: Reached on error, E4 (Groundball, 4, EV 86.9 MPH)
Barry Sayler to third
Batting: RHB Jay Schellin 0-0: Ball
1-0: Ball
2-0: Ball
3-0: Called Strike
3-1: Base on Balls
Edward Irvine to second
Batting: RHB Michael Williams 0-0: Ball
1-0: Ball
2-0: SINGLE (Groundball, 6, EV 86.9 MPH) (infield hit)
Barry Sayler scores
Edward Irvine to third
Jay Schellin to second
Batting: RHB David Cusack 0-0: Ball
1-0: Swinging Strike
1-1: Ball
2-1: Swinging Strike
2-2: Foul Ball, location: 2F
2-2: Ball
3-2: Base on Balls
Edward Irvine scores
Jay Schellin to third
Michael Williams to second
Pitching: LHP Mike Kinnunen
Batting: RHB Kean Rich 0-0: Foul Ball, location: 2F
0-1: Foul Ball, location: 2F
0-2: Ball
1-2: Foul Ball, location: 2F
1-2: Fly out, F7 (Flyball, 78S, EV 85.6 MPH)
Batting: LHB Randall Curtis 0-0: Ball
1-0: Ball
2-0: Ball
3-0: Called Strike
3-1: SINGLE (Groundball, 6D, EV 94.4 MPH)
Jay Schellin scores
Michael Williams to third
David Cusack to second
Runner from 3rd tries for Home, SAFE, no throw by LF
Batting: RHB Leonidas Nolasco 0-0: Ball
1-0: Called Strike
1-1: Fly out, F4 (Popup, 4S, EV 78.8 MPH)
Bottom of the 6th over - 4 runs, 3 hits, 2 errors, 2 left on base; Idaho Falls 1 - Billings 7
TOP OF THE 7TH
Idaho Falls Spuds batting - Pitching for Billings Mustangs : RHP Scott Stranski
Batting: RHB Jesse Lucious 0-0: Swinging Strike
0-1: Ball
1-1: Foul Ball, location: 2F
1-2: Strikes out swinging
Batting: RHB Jose Gallardo 0-0: Ball
1-0: Called Strike
1-1: Foul Ball, location: 2F
1-2: Ball
2-2: Fly out, F9 (Flyball, 9LD, EV 96.9 MPH)
Batting: SHB Mark Wiesler 0-0: Ball
1-0: Called Strike
1-1: Called Strike
1-2: SINGLE (Flyball, 78S, EV 90.0 MPH)
Batting: RHB Carlos Rios 0-0: Ball
1-0: Fly out, F9 (Flyball, 9S, EV 81.9 MPH)
Top of the 7th over - 0 runs, 1 hit, 0 errors, 1 left on base; Idaho Falls 1 - Billings 7
BOTTOM OF THE 7TH
Billings Mustangs batting - Pitching for Idaho Falls Spuds : LHP Mike Kinnunen
Batting: RHB Barry Sayler 0-0: Ground out 1-3 (Groundball, 13, EV 87.5 MPH)
Batting: RHB Daniel Keck 0-0: Ball
1-0: Ground out 6-3 (Groundball, 6S, EV 69.4 MPH)
Batting: RHB Edward Irvine 0-0: Ground out 4-3 (Groundball, 4S, EV 77.5 MPH)
Bottom of the 7th over - 0 runs, 0 hits, 0 errors, 0 left on base; Idaho Falls 1 - Billings 7
TOP OF THE 8TH
Idaho Falls Spuds batting - Pitching for Billings Mustangs : RHP Scott Stranski
Batting: SHB Danny Montero 0-0: Swinging Strike
0-1: Called Strike
0-2: Strikes out swinging
Batting: RHB Rick Austin 0-0: Called Strike
0-1: Ball
1-1: SINGLE (Groundball, 5S, EV 71.9 MPH) (infield hit)
Batting: LHB Joseph Nemeth 0-0: Ball
1-0: Foul Ball, location: 2F
1-1: Fly out, F5 (Line Drive, 5, EV 68.1 MPH)
Batting: RHB Donald Fleming 0-0: Ball
1-0: Foul Ball, location: 2F
1-1: Ball
2-1: Swinging Strike
2-2: Ball
3-2: Foul Ball, location: 2F
3-2: Fly out, F2 (Popup, 2R, EV 89.4 MPH)
Top of the 8th over - 0 runs, 1 hit, 0 errors, 1 left on base; Idaho Falls 1 - Billings 7
BOTTOM OF THE 8TH
Billings Mustangs batting - Pitching for Idaho Falls Spuds : LHP Mike Kinnunen
Batting: RHB Jay Schellin 0-0: Called Strike
0-1: Foul Ball, location: 2F
0-2: Ball
1-2: Fly out, F4 (Popup, 34, EV 70.0 MPH)
Batting: RHB Michael Williams 0-0: Ground out 5-3 (Groundball, 56S, EV 75.0 MPH)
Batting: RHB David Cusack 0-0: Called Strike
0-1: Called Strike
0-2: Ball
1-2: Foul Ball, location: 2F
1-2: Ball
2-2: Ball
3-2: Strikes out swinging
Bottom of the 8th over - 0 runs, 0 hits, 0 errors, 0 left on base; Idaho Falls 1 - Billings 7
TOP OF THE 9TH
Idaho Falls Spuds batting - Pitching for Billings Mustangs : RHP Scott Stranski
Batting: SHB Frank Diaz 0-0: Ball
1-0: Foul Ball, location: 2F
1-1: SINGLE (Line Drive, 6D, EV 97.5 MPH)
Batting: RHB Jesse Lucious 0-0: Called Strike
0-1: Called Strike
0-2: Strikes out swinging
Batting: RHB Jose Gallardo 0-0: Fly out, F8 (Line Drive, 8RD, EV 86.9 MPH)
Batting: SHB Mark Wiesler 0-0: Swinging Strike
0-1: Ball
1-1: Swinging Strike
1-2: Ball
2-2: Foul Ball, location: 2F
2-2: Foul Ball, location: 2F
2-2: Reached on error, E4 (Groundball, 4, EV 81.3 MPH)
Frank Diaz to third
Batting: RHB Carlos Rios 0-0: Called Strike
0-1: Fly out, F6 (Line Drive, 6, EV 72.5 MPH)
Top of the 9th over - 0 runs, 1 hit, 1 error, 2 left on base; Idaho Falls 1 - Billings 7
Friday, August 14th, 2020 - OOTP Baseball 21.5 Build 76